cohdb
Replays
Latest Replays
All Replays
Popular Replays
Top Player Replays
Match Explorer
How It Works
Community
CoH3 Stats
Reddit
Sign in to upload your games and track your stats! →
Sign in with Steam
Match 41068513
Unlisted
Match 41068513
Overview
Messages
Build Orders
End
Construct Infanterie Kompanie
Grenadier Squad
MG 42 Machine Gun Team
Selects Mechanized Battlegroup
Kettenkrad Recon Vehicle
GrW 34 Mortar Team
Grenadier Squad
Selects Mobile Repair Stations
Construct Panzergrenadier Kompanie
Kettenkrad Recon Vehicle
251 Medium Carrier
Pak 40 Anti-tank Gun Team
Panzergrenadier Officer Quarters
Selects Wespe Self-propelled Artillery
Pak 40 Anti-tank Gun Team
Turtleboy
GreyFox_13
吉布斯坚果虾人
Kylen
runningDuck
GhostDragon
0
0
Comments
sign in to comment!
No comments posted yet!